 Dungeon Crawl Stone Soup version 0.29-a0-418-gc0181ea820 (webtiles) character file.

Game seed: 3455970914219774044

431 bwicke the Conjurer (level 7, -4/41 HPs)
             Began as an Octopode Conjurer on May 18, 2022.
             Shot with an arrow by a centaur (8 damage)
             ... on level 6 of the Dungeon.
             The game lasted 00:19:54 (4627 turns).

bwicke the Conjurer (Octopode Conjurer)             Turns: 4627, Time: 00:19:55

Health: -4/41      AC:  1    Str:  7    XL:     7   Next: 0%
Magic:  2/10       EV: 13    Int: 22    God:
Gold:   150        SH:  0    Dex: 10    Spells: 3/10 levels left

rFire   . . .      SeeInvis .   c - +0 spear
rCold   . . .      Faith    .   (no shield)
rNeg    . . .      Spirit   .   (helmet restricted)
rPois   .          Reflect  .   (no amulet)
rElec   .          Harm     .   p - ring of wizardry
rCorr   .          Rampage  .   r - ring of wizardry
Will    .....                   (no ring)
Stlth   +.........              (no ring)
HPRegen 0.13/turn               (no ring)
MPRegen 0.12/turn               (no ring)
                                (no ring)
                                (no ring)

@: lit by a corona, glowing
A: almost no armour, amphibious, 8 rings, camouflage 1, gelatinous body 1,
(nimble swimmer 1), tentacles
a: no special abilities


You were on level 6 of the Dungeon.
You visited 1 branch of the dungeon, and saw 6 of its levels.

You collected 150 gold pieces.

Inventory:

Hand Weapons
 c - a +0 spear (weapon)
 d - a +0 dagger
 f - a +0 war axe
 k - a +0 hunting sling
Missiles
 b - 110 stones
Jewellery
 p - a ring of wizardry (left tentacle)
 r - a ring of wizardry (right tentacle)
Scrolls
 h - a scroll of torment {unknown}
 i - 3 scrolls of brand weapon
 j - a scroll of fear {unknown}
 l - a scroll of blinking {unknown}
 m - a scroll of vulnerability
 n - a scroll of enchant armour {unknown}
Potions
 a - 2 potions of magic
 e - a potion of mutation {unknown}
 g - 5 potions of curing
 o - a potion of cancellation {unknown}
 q - a potion of might {unknown}
 s - a potion of brilliance {unknown}


   Skills:
 - Level 2.1 Dodging
 - Level 3.0 Stealth
 - Level 2.1 Spellcasting
 - Level 6.6 Conjurations
 * Level 4.0 Hexes


You had 3 spell levels left.
You knew the following spells:

 Your Spells              Type           Power      Damage    Failure   Level
a - Magic Dart            Conj           100%       1d8       1%          1
b - Searing Ray           Conj           62%        2d6       1%          2
c - Fulminant Prism       Conj/Hex       12%        3d9       4%          4

Your spell library contained the following spells:

 Spells                   Type           Power      Damage    Failure   Level
 Dazzling Flash           Conj/Hex       50%        N/A       1%          3
 Conjure Flame            Conj/Fire      17%        6-21      3%          3
 Beastly Appendage        Tmut           4%         N/A       4%          1
 Wereblood                Tmut           2%         N/A       5%          2
 Portal Projectile        Hex/Tloc       22%        N/A       5%          3
 Call Canine Familiar     Summ           2%         N/A       11%         3
 Ignite Poison            Fire/Tmut/Pois 2%         N/A       11%         3
 Ozocubu's Armour         Ice            2%         N/A       11%         3
 Spider Form              Tmut/Pois      2%         N/A       11%         3
 Iskenderun's Mystic Bla  Conj/Tloc      17%        2d5       10%         4
 Sticky Flame             Conj/Fire      17%        2d4       10%         4
 Leda's Liquefaction      Hex/Erth       5%         N/A       16%         4
 Silence                  Hex/Air        5%         N/A       38%         5
 Agony                    Necr           2%         N/A       65%         5
 Ozocubu's Refrigeration  Ice            1%         4d5       100%        7


Dungeon Overview and Level Annotations

Branches:
Dungeon (6/15)
 Temple: D:4-7

Altars:
Elyvilon

Shops:
D:3 =   D:4 [


Innate Abilities, Weirdness & Mutations

You cannot wear most types of armour.
You are amphibious.
You can wear up to eight rings at the same time.
Your skin changes colour to match your surroundings (Stealth+).
Your rubbery body absorbs attacks. (AC +1, EV +1)
((You are camouflaged when in or above water. (Stealth+)))
You have tentacles for arms and can constrict up to eight enemies at once.


Message History

The gnoll shaman is healed somewhat.
The searing ray hits the gnoll shaman.
The gnoll shaman is severely wounded.
The searing ray hits the gnoll.
The gnoll is almost dead.
The gnoll misses you.
The gnoll shaman utters an invocation to its god.
The gnoll shaman is healed somewhat.
The searing ray hits the gnoll shaman.
The gnoll shaman is almost dead.
The searing ray hits the gnoll!
You kill the gnoll!
The searing ray hits the gnoll!
The gnoll is severely wounded.
Your Hexes skill increases to level 4!
You have reached level 7!
Okay, then.
Unknown command.
The gnoll shaman hits you with a +0 club.
The gnoll shaman utters an invocation to its god.
The gnoll shaman is healed somewhat.
The gnoll shaman mumbles some strange prayers to its god against you.
You are outlined in light.
There is an escape hatch in the floor here.
The gnoll shaman calls upon its god to heal the gnoll.
The gnoll is healed somewhat.
You slide downwards.
The hatch slams shut behind you.
The orc shouts!
The orc priest shouts!
The orc wizard shouts!
The orc shouts!
Found a runed brass wand.
Found a stone staircase leading down.
Found a scale mail.
A white imp comes into view.
The centaur wields a +0 shortbow.
The centaur shoots an arrow.
The arrow hits you!
* * * LOW HITPOINT WARNING * * *
The white imp shouts!
The orc shouts!
The centaur shoots an arrow.
The arrow hits you!
* * * LOW HITPOINT WARNING * * *
There is a stone staircase leading down here.
The centaur shoots an arrow.
The arrow hits you!
You die...

#.......#..#
#./..o..#5..
#.#oo.......
#..o....c...
#..o........
#...........
#......##...
#.......# .
###@....#
#.........
#.........
..........
#.#....##[.
####..## ..
..# ...


You could see a centaur, an orc priest, an orc wizard, a white imp and 3 orcs.

Vanquished Creatures
  A scorpion (D:5)
  A necrophage (D:5)
  A hound (D:4)
  An orc priest (D:4)
  A gnoll shaman (D:5)
  An iguana (D:5)
  An orc wizard (D:4)
  5 gnolls
  An adder (D:2)
  A white imp (D:5)
  2 ufetubi (D:4)
  3 worms
  2 dart slugs
  7 orcs
  3 bats
  8 endoplasms
  4 giant cockroaches
  2 goblins (D:1)
  5 hobgoblins
  4 jackals (D:2)
  8 kobolds
  6 quokkas
  5 ball pythons
  6 rats
79 creatures vanquished.

Vanquished Creatures (others)
  2 fulminant prisms (D:5)
2 creatures vanquished.

Grand Total: 81 creatures vanquished

Notes
Turn   | Place    | Note
-------+----------+-------------------------------------------
     0 | D:1      | bwicke the Octopode Conjurer began the quest for the Orb.
     0 | D:1      | Reached XP level 1. HP: 11/11 MP: 3/3
   213 | D:1      | Reached XP level 2. HP: 17/17 MP: 1/5
   400 | D:1      | Reached XP level 3. HP: 7/21 MP: 0/6
  1098 | D:1      | Learned a level 2 spell: Searing Ray
  1331 | D:2      | Reached skill level 5 in Conjurations
  1504 | D:2      | Reached XP level 4. HP: 24/27 MP: 7/7
  2286 | D:3      | Found a white marble altar of Elyvilon.
  2320 | D:3      | Found Pyreorgh's Jewellery Shoppe.
  3025 | D:4      | Reached XP level 5. HP: 23/31 MP: 3/8
  3035 | D:4      | Reached skill level 6 in Conjurations
  3399 | D:4      | Found Fasaa's Antique Armour Shoppe.
  3658 | D:4      | Learned a level 4 spell: Fulminant Prism
  4008 | D:5      | Entered Level 5 of the Dungeon
  4015 | D:5      | Reached skill level 1 in Hexes
  4015 | D:5      | Reached XP level 6. HP: 18/36 MP: 2/9
  4616 | D:5      | Reached XP level 7. HP: 17/41 MP: 0/10
  4627 | D:6      | Shot with an arrow by a centaur

Illustrated notes

Levels and vault maps discovered:
D:1:      dpeg_arrival_connections, layout_basic, kennysheep_small_spiral,
          interstate_on_off, minmay_misc_feat_four_crosses
D:2:      layout_basic
D:3:      layout_rooms, mainiacjoe_overflow_brackets, serial_rivers,
          chequers_serial_rivers_micro_c, chequers_serial_rivers_micro_c,
          chequers_serial_rivers_small_b, chequers_serial_rivers_micro_e,
          chequers_serial_rivers_room_a, serial_shops, shop_statue
D:4:      layout_basic, kennysheep_small_square
D:5:      wad_pebble_path, layout_basic, serial_curves, eino_curves_01,
          eino_curves_01, eino_curves_03, eino_curves_02
D:6:      layout_cave_pools, yredelemnul_forgotten_temple_becter,
          fedhas_altar_4, uniq_crazy_yiuf_cottage

Skill      XL: |  1  2  3  4  5  6 |
---------------+-------------------+-----
Stealth        | 3 |  3.0
Conjurations   | 5 6 |  6.6
Hexes          | 1 4 |  4.0
Dodging        | |  2.1
Spellcasting   | |  2.1

Action                   |  1- 3 |  4- 6 |  7- 9 || total
-------------------------+-------+-------+-------++-------
Melee: Spear             |    43 |    59 |       ||   102
       Constrict         |    15 |    16 |       ||    31
       Unarmed           |     6 |       |       ||     6
       Tentacles         |     8 |    17 |       ||    25
       Punch             |     1 |     1 |       ||     2
 Cast: Magic Dart        |    27 |    44 |       ||    71
       Searing Ray       |     3 |     8 |       ||    11
       Fulminant Prism   |       |     2 |       ||     2
  Use: Scroll            |     2 |     4 |       ||     6
       Potion            |       |     2 |       ||     2
 Stab: Sleeping          |     3 |     6 |       ||     9
Armor: Skin              |     5 |     1 |       ||     6
Dodge: Dodged            |    30 |    33 |       ||    63

Table legend: (Time is in decaauts)
 A = Elapsed time spent in this place.
 B = Non-inter-level travel time spent in this place.
 C = Inter-level travel time spent in this place.
 D = Time resting spent in this place.
 E = Time spent auto-exploring this place.
 F = Levels seen in this place.
 G = Mean time per level.
                   A        B        C        D        E       F      G
               +--------+--------+--------+--------+--------+-----+--------+
         Total |   4637 |   4460 |    177 |    547 |   2984 |   6 |  772.8 |
       Dungeon |   4637 |   4460 |    177 |    547 |   2984 |   6 |  772.8 |
               +--------+--------+--------+--------+--------+-----+--------+

Top non-repeatable levels by time:
     D:1: 1108 daAuts
     D:4: 1096 daAuts
     D:2: 1083 daAuts
     D:3: 907 daAuts
     D:5: 436 daAuts
     D:6: 4 daAuts
